 Dungeon Crawl Stone Soup version 0.29.1-2-gbd0b4ee654 (webtiles) character file.

Game seed: 12188487707457683995

26581 Icepheonix32 the Fighter (level 12, -15/117 HPs)
             Began as a Minotaur Fighter on Nov 16, 2022.
             Was a High Priest of Okawaru.
             Demolished by a reaper
             ... wielding a +1 scythe of freezing
              (36 damage)
             ... in an ice cave.
             The game lasted 00:30:07 (15897 turns).

Icepheonix32 the Fighter (Minotaur Fighter)        Turns: 15897, Time: 00:30:08

Health: -15/117    AC: 26    Str: 21    XL:     12   Next: 99%
Magic:  15/16      EV: 13    Int:  9    God:    Okawaru [*****.]
Gold:   616        SH:  5    Dex: 11    Spells: 11/11 levels left

rFire   x . .      SeeInvis .   H - +5 great sword
rCold   + + +      Faith    .   (shield currently unavailable)
rNeg    + . .      Spirit   .   d - +0 ice dragon scales
rPois   +          Reflect  +   p - +4 hat "Lyfupyuh" {Regen+}
rElec   .          Harm     .   q - +1 cloak {rPois}
rCorr   .          Rampage  .   l - +1 pair of gloves
Will    .....                   (no boots)
Stlth   ++........              m - amulet of reflection
HPRegen 1.09/turn               o - ring of positive energy
MPRegen 0.15/turn               C - ring of protection from cold

@: heroic
A: horns 2, retaliatory headbutt
a: Renounce Religion, Heroism, Finesse, Duel


You were in an ice cave.
You worshipped Okawaru.
Okawaru was extremely pleased with you.
You visited 2 branches of the dungeon, and saw 14 of its levels.
You also visited: Ice Cave.

You collected 616 gold pieces.

Inventory:

Hand Weapons
 f - a +0 halberd
 z - a +0 hand axe of venom
 H - a +5 great sword (weapon)
 L - a +4 scimitar of flaming
 R - a +2 vorpal battleaxe
Missiles
 y - a curare-tipped dart (quivered)
 N - 2 javelins
Armour
 c - a +0 buckler
 d - +0 ice dragon scales (worn)
 g - a +3 chain mail of willpower
 l - a +1 pair of gloves (worn)
 p - the +4 hat "Lyfupyuh" (worn) {Regen+}
   (You acquired it on level 11 of the Dungeon)

   Regen:     It increases your rate of health regeneration.
 q - a +1 cloak of poison resistance (worn)
 v - +0 acid dragon scales
 w - a scarf of resistance
 I - a +1 scale mail of fire resistance
 T - the +0 kite shield "Irrel" {Rampage Fly Int-5}
   (Okawaru gifted it to you on level 12 of the Dungeon)

   Int:       It affects your intelligence (-5).
   Fly:       It grants you flight.
   Rampage:   It bestows one free step when moving towards enemies.
Jewellery
 h - a ring of fire
 m - an amulet of reflection (around neck)
 o - a ring of positive energy (left hand)
 r - a ring of ice
 B - a ring of willpower
 C - a ring of protection from cold (right hand)
 D - an amulet of guardian spirit
 F - a ring of willpower
Wands
 b - a wand of polymorph (9)
 i - a wand of roots (9)
 j - a wand of charming (7)
 k - a wand of flame (53)
 Q - a wand of acid (5)
Scrolls
 a - 2 scrolls of poison
 s - 2 scrolls of amnesia
 u - 4 scrolls of magic mapping
 x - a scroll of torment
 K - a scroll of silence
 P - 3 scrolls of blinking
Potions
 e - 10 potions of curing
 n - 2 potions of heal wounds
 t - a potion of magic
 A - 3 potions of brilliance
 G - a potion of cancellation
 J - a potion of berserk rage
 S - a potion of ambrosia {unknown}
Miscellaneous
 E - a lightning rod (4/4)


   Skills:
 * Level 14.0(19.0) Fighting
 + Level 11.1(16.1) Long Blades
 - Level 6.3(11.3) Axes
 + Level 1.2(6.2) Throwing
 + Level 13.7(18.7) Armour
 + Level 5.0(10.0) Dodging
 + Level 2.0(7.0) Stealth
 - Level 5.5(10.5) Shields
 * Level 6.9 Invocations
 * Level 5.5 Evocations


You had 11 spell levels left.
You didn't know any spells.
Your spell library contained the following spells:

 Spells                   Type           Power      Damage    Failure   Level
 Apportation              Tloc           0%         N/A       65%         1
 Necrotise                Necr           0%         1d4       65%         1
 Shock                    Conj/Air       0%         1d3       65%         1
 Slow                     Hex            0%         N/A       65%         1
 Confusing Touch          Hex            0%         N/A       95%         3
 Conjure Flame            Conj/Fire      0%         6-21      95%         3
 Ignite Poison            Fire/Tmut/Pois 0%         N/A       95%         3
 Vampiric Draining        Necr           0%         2d6       95%         3
 Flame Wave               Conj/Fire      0%         2d4       100%        4
 Sticky Flame             Conj/Fire      0%         2d3       100%        4
 Freezing Cloud           Conj/Ice/Air   0%         6-21      100%        5
 Summon Small Mammal      Summ           Unusable   N/A       N/A         1

Dungeon Overview and Level Annotations

Branches:
Dungeon (13/15)            Temple (1/1) D:7            Lair (0/5) D:11
    Orc (0/2) D:12          IceCv (1/1)
 Vaults: D:13-14

Altars:
Ashenzari
Cheibriados
Dithmenos
Elyvilon
Fedhas
Gozag
Hepliaklqana
Kikubaaqudgha
Makhleb
Nemelex Xobeh
Okawaru
Qazlal
Ru
Sif Muna
Trog
Uskayaw
Vehumet
Wu Jian
Xom
Yredelemnul
Zin
The Shining One

Shops:
D:4 (

Annotations:
D:7 2 runed translucent doors


Innate Abilities, Weirdness & Mutations

You have a pair of horns on your head.
You reflexively headbutt those who attack you in melee.


Message History

The reaper hits you with a +1 scythe of freezing!
The reaper freezes you.
You hit the reaper but do no damage.
You headbutt the reaper, but do no damage.
The reaper is moderately wounded.
The reaper hits you with a +1 scythe of freezing!!
* * * LOW HITPOINT WARNING * * *
Unknown command.
You closely miss the reaper.
The reaper is moderately wounded.
The reaper hits you with a +1 scythe of freezing!
* * * LOW HITPOINT WARNING * * *
An ice devil comes into view.
Unknown command.
You slice the reaper like a ripe choko!!!
Your headbutt misses the reaper.
The reaper is severely wounded.
The reaper completely misses you.
Unknown command.
You hit the reaper.
You headbutt the reaper, but do no damage.
The reaper is severely wounded.
Unknown command.
You hit the reaper but do no damage.
The reaper is severely wounded.
The reaper hits you with a +1 scythe of freezing.
* * * LOW HITPOINT WARNING * * *
Unknown command.
You barely miss the reaper. You headbutt the reaper.
The reaper is severely wounded.
The reaper misses you.
Unknown command.
You barely miss the reaper.
The reaper is severely wounded.
The reaper hits you but does no damage.
Unknown command.
You slash the reaper! Your headbutt misses the reaper.
The reaper is almost dead.
The reaper hits you with a +1 scythe of freezing!!!
You die...

#..#... #..##.##
#...... ....#..#
#...##. .......#
#..###. ####...#°..#
##.#.## ......#§○§#
##....# #
.....#§§.###....## #.
#24###.☼°§##....#. #.
#@##..§§☼§##...##.
#..#.#.°§☼.#☼§##).#..
##....○..###§☼####..
#........# #○§○###.#
#.......## ##§§#..##
##......# ##....#
#.....## ##..##
##...## #### ##.##


You could see a reaper and an ice devil.

Vanquished Creatures
  Josephine (D:12)
  Erolcha (D:10)
  Fannar (D:11)
  3 centaur warriors (D:12)
  An ice dragon (D:13)
  3 two-headed ogres
  The ghost of jiml777 the Cleaver, a novice DsCK of Xom (D:7)
  A glowing orange brain (D:12)
  3 manticores (D:12)
  5 cyclopes
  2 ugly things
  2 ice statues (IceCv)
  A yaktaur (D:12)
  3 demonic crawlers (D:12)
  An efreet (D:12)
  2 ice devils (IceCv)
  An anaconda simulacrum (IceCv)
  2 polar bears (D:13)
  7 trolls
  Prince Ribbit (D:7)
  3 slime creatures
  Sigmund (D:3)
  2 vampires (D:12)
  8 wraiths
  4 shadows
  3 steam dragons
  11 yaks
  4 vampire mosquitoes (D:12)
  A harpy simulacrum (IceCv)
  3 small abominations (D:12)
  4 acid dragons
  3 water moccasins
  A hydra simulacrum (IceCv)
  A floating eye (D:12)
  4 orc warriors
  A black bear (D:7)
  2 sky beasts (D:7)
  3 ice beasts
  A wolf (D:13)
  An ogre (D:4)
  7 centaurs
  A kobold brigand (D:10)
  6 bullfrogs
  A necrophage (D:7)
  A cane toad simulacrum (IceCv)
  3 scorpions
  8 wights
  11 killer bees
  2 howler monkeys
  2 electric eels (D:9)
  3 orc priests
  3 hounds
  2 gnoll boudas
  Ijyb (D:3)
  7 iguanas
  4 orc wizards
  3 spriggan simulacra (IceCv)
  4 troll simulacra (IceCv)
  3 polar bear simulacra (IceCv)
  12 gnolls
  11 adders
  A naga simulacrum (IceCv)
  3 shadow imps
  5 white imps
  2 ufetubi
  4 worms
  A dart slug (D:4)
  28 orcs
  4 endoplasms
  5 giant cockroaches
  3 goblins
  11 hobgoblins
  2 jackals (D:2)
  9 kobolds
  3 quokkas
  6 ball pythons
  5 bats
  2 frilled lizards
  2 rats
294 creatures vanquished.

Vanquished Creatures (others)
  A deep elf pyromancer (D:12)
  3 plants (D:9)
4 creatures vanquished.

Grand Total: 298 creatures vanquished

Notes
Turn   | Place    | Note
-------+----------+-------------------------------------------
     0 | D:1      | Icepheonix32 the Minotaur Fighter began the quest for the
                  | Orb.
     0 | D:1      | Reached XP level 1. HP: 19/19 MP: 0/0
     2 | D:1      | You fall into a shaft and drop 1 floor!
   118 | D:2      | Reached skill level 4 in Fighting
   118 | D:2      | Reached XP level 2. HP: 27/27 MP: 1/1
   685 | D:2      | Reached XP level 3. HP: 29/34 MP: 2/2
  1047 | D:2      | Reached XP level 4. HP: 40/41 MP: 3/3
  1968 | D:1      | Found a faded altar of an unknown god.
  2235 | D:3      | Noticed Ijyb
  2245 | D:3      | Killed Ijyb
  2376 | D:3      | Found an ancient bone altar of Kikubaaqudgha.
  2376 | D:3      | Found a shimmering altar of Xom.
  2402 | D:3      | Reached skill level 5 in Fighting
  2481 | D:3      | Noticed Sigmund
  2487 | D:3      | Killed Sigmund
  2488 | D:3      | Reached skill level 6 in Fighting
  2488 | D:3      | Reached XP level 5. HP: 42/50 MP: 4/4
  2488 | D:3      | Reached XP level 6. HP: 48/57 MP: 5/5
  2555 | D:3      | Found a blossoming altar of Fedhas.
  2918 | D:4      | Reached skill level 5 in Armour
  2920 | D:4      | Reached skill level 1 in Dodging
  3001 | D:4      | Found Jioly's Weapon Shoppe.
  3619 | D:5      | Entered Level 5 of the Dungeon
  3628 | D:5      | Reached XP level 7. HP: 64/64 MP: 6/6
  3794 | D:5      | Reached skill level 7 in Fighting
  4307 | D:5      | Found a radiant altar of Vehumet.
  4499 | D:6      | Noticed a steam dragon
  4509 | D:6      | Killed a steam dragon
  4510 | D:6      | Reached skill level 5 in Axes
  4510 | D:6      | Reached skill level 5 in Shields
  4510 | D:6      | Reached XP level 8. HP: 40/73 MP: 7/7
  4860 | D:6      | Reached skill level 8 in Fighting
  5458 | D:7      | Found a runed translucent gate.
  5459 | D:7      | Found a runed translucent gate.
  5459 | D:7      | Noticed jiml777's ghost (novice DsCK)
  5459 | D:7      | Noticed a two-headed ogre
  5462 | D:7      | Found a runed translucent gate.
  5513 | D:7      | Found a staircase to the Ecumenical Temple.
  5704 | D:7      | Found a sparkling altar of Nemelex Xobeh.
  5728 | Temple   | Entered the Ecumenical Temple
  5918 | Temple   | Became a worshipper of Warmaster Okawaru
  5944 | D:7      | Reached skill level 9 in Fighting
  5944 | D:7      | Reached skill level 1 in Evocations
  6045 | D:7      | Reached XP level 9. HP: 83/83 MP: 8/8
  6140 | D:7      | Noticed Prince Ribbit
  6155 | D:7      | Killed Prince Ribbit
  6155 | D:7      | Reached * piety under Okawaru
  6156 | D:7      | Reached skill level 1 in Invocations
  6505 | D:7      | Found a hide-covered altar of Uskayaw.
  6590 | D:7      | Found a large runed translucent door.
  6590 | D:7      | Found a large runed translucent door.
  6592 | D:7      | Noticed a two-headed ogre
  6661 | D:7      | Found a large runed translucent door.
  6661 | D:7      | Found a large runed translucent door.
  6980 | D:7      | Noticed a troll
  6989 | D:7      | Killed a troll
  6989 | D:7      | Reached ** piety under Okawaru
  6990 | D:7      | Reached skill level 10 in Armour
  6990 | D:7      | Reached skill level 1 in Stealth
  7337 | D:7      | Reached skill level 10 in Fighting
  7404 | D:7      | Killed a two-headed ogre
  7404 | D:7      | Reached *** piety under Okawaru
  7405 | D:7      | Reached XP level 10. HP: 26/94 MP: 8/10
  7815 | D:7      | Killed a two-headed ogre
  7837 | D:7      | Killed jiml777's ghost
  7837 | D:7      | Reached **** piety under Okawaru
  7838 | D:7      | Reached skill level 11 in Fighting
  8740 | D:8      | Reached skill level 1 in Long Blades
  9688 | D:9      | Found a stormy altar of Qazlal.
 11402 | D:10     | Entered Level 10 of the Dungeon
 11570 | D:10     | Noticed a cyclops
 11576 | D:10     | Killed a cyclops
 11577 | D:10     | Reached XP level 11. HP: 104/104 MP: 12/12
 11666 | D:10     | Reached skill level 1 in Throwing
 11675 | D:10     | Reached ***** piety under Okawaru
 12119 | D:10     | Noticed Erolcha
 12131 | D:10     | Killed Erolcha
 12132 | D:10     | Reached skill level 5 in Long Blades
 12668 | D:10     | Found a bloodstained altar of Trog.
 12792 | D:11     | Noticed Fannar
 12806 | D:11     | Killed Fannar
 13127 | D:11     | Reached skill level 12 in Fighting
 13689 | D:11     | Noticed a two-headed ogre
 13691 | D:11     | Identified a scroll of acquirement
 13692 | D:11     | Acquired the +4 hat "Lyfupyuh" {Regen+}
 13729 | D:11     | Killed a two-headed ogre
 13729 | D:11     | Received a gift from Okawaru
 13964 | D:11     | Found a staircase to the Lair.
 14008 | D:12     | Noticed a centaur warrior
 14023 | D:12     | Reached skill level 5 in Invocations
 14023 | D:12     | Noticed Josephine
 14030 | D:12     | Killed a centaur warrior
 14041 | D:12     | Killed Josephine
 14158 | D:12     | Noticed a cyan ugly thing
 14159 | D:12     | Noticed a red ugly thing
 14185 | D:11     | Killed a red ugly thing
 14186 | D:11     | Reached XP level 12. HP: 27/113 MP: 15/15
 14371 | D:12     | Noticed a centaur warrior
 14400 | D:12     | HP: 3/113 [centaur warrior/arrow (12)]
 14406 | D:12     | Killed a centaur warrior
 14626 | D:12     | Received a gift from Okawaru
 14627 | D:12     | Reached skill level 13 in Fighting
 14769 | D:12     | Identified the +0 kite shield "Irrel" {Rampage Fly Int-5}
                  | (Okawaru gifted it to you on level 12 of the Dungeon)
 14769 | D:12     | Received a gift from Okawaru
 14827 | D:12     | Reached skill level 10 in Long Blades
 14827 | D:12     | Reached skill level 5 in Evocations
 14892 | D:12     | Noticed a centaur warrior
 14911 | D:12     | Killed a centaur warrior
 14987 | D:12     | Got Vehumet's Vellum of Damage Dealing
 15351 | D:12     | Found a staircase to the Orcish Mines.
 15553 | D:13     | Found a frozen archway.
 15560 | D:13     | Noticed an ice dragon
 15612 | D:13     | Killed an ice dragon
 15613 | D:13     | Reached skill level 5 in Dodging
 15657 | IceCv    | Entered an ice cave
 15828 | IceCv    | Reached skill level 14 in Fighting
 15885 | IceCv    | Noticed a reaper
 15897 | IceCv    | Demolished by a reaper

Illustrated notes

Levels and vault maps discovered:
D:1:      amcnicky_arrival_single_pillar, layout_basic,
          shapermc_ecumenical_altar_hornbeckon, hangedman_decor_points
D:2:      layout_loops_corners, minmay_heptomino_w4
D:3:      layout_basic, gammafunk_temple_overflow_statue,
          mainiacjoe_overflow_small_starburst, uniq_sigmund, uniq_ijyb
D:4:      layout_loops_cross, serial_shops, nicolae_shop_bloodbath_and_beyond
D:5:      layout_gridville, lemuel_tele_altar, serial_glass, glass_columns_a,
          glass_columns_b, kennysheep_potato
D:6:      layout_cave_pools
D:7:      layout_layer_cave, lemuel_doored_altar, kennysheep_mini_moat,
          minmay_temple_entry_large_hall, gammafunk_ghost_split,
          minmay_hollow_rounded_squares, uniq_prince_ribbit1
D:8:      layout_layer_cave
D:9:      layout_irregular_city, grunt_qazlal_sundering, serial_bayou,
          serial_bayou_shore_a, serial_bayou_pond_d, serial_bayou_pond_e,
          serial_bayou_crossing, minmay_misc_feat_tower, kennysheep_doodads
D:10:     layout_basic, trog_book, uniq_erolcha
D:11:     layout_rooms, lair_entry_dummy, serial_corexii_hall,
          chequers_hall_statues_corner_a, corexii_hall_statues_x,
          corexii_hall_statues_l, corexii_hall_statues_s,
          corexii_hall_statues_s, corexii_hall_statues_x, minmay_puff,
          uniq_fannar
D:12:     cheibrodos_hippocracy, layout_rooms, orc_0_dummy, grunt_tough_drop,
          uniq_josephine
D:13:     layout_cave_pools, portal_ice_cave_entry_animals_and_master
Temple:   eino_narrow_crystal_temple
IceCv:    ice_cave_small_demon

Skill      XL: |  1  2  3  4  5  6  7  8  9 10 11 12 |
---------------+-------------------------------------+-----
Fighting       | 4 6 7 9 10 11 12 14 | 14.0
Armour         | 4 5 7 8 11 12 13 | 13.7
Shields        | 4 5 |  5.5
Axes           | 3 4 5 6 |  6.3
Dodging        | 1 2 3 4 5 |  5.0
Evocations     | 1 2 4 5 |  5.5
Invocations    | 2 3 5 6 |  6.9
Stealth        | 1 2 |  2.0
Long Blades    | 4 8 11 | 11.1
Throwing       | 1 |  1.2

Action                   |  1- 3 |  4- 6 |  7- 9 | 10-12 || total
-------------------------+-------+-------+-------+-------++-------
Melee: War axe           |    60 |   120 |   243 |    52 ||   475
       Headbutt          |     7 |    12 |    29 |   143 ||   191
       Great sword       |       |       |       |   534 ||   534
Throw: Dart              |       |       |       |    21 ||    21
       Boomerang         |       |       |       |     5 ||     5
       Throwing net      |       |       |       |     1 ||     1
Invok: Heroism           |       |       |     1 |    10 ||    11
       Finesse           |       |       |       |     3 ||     3
Evoke: Wand              |       |       |     6 |    16 ||    22
       Lightning rod     |       |       |       |     2 ||     2
  Use: Scroll            |       |     7 |       |    14 ||    21
       Potion            |       |     1 |     3 |    12 ||    16
 Stab: Invisible         |       |       |       |     2 ||     2
Armor: Scale mail        |    26 |    59 |    44 |       ||   129
       Chain mail        |       |       |    60 |   476 ||   536
       Skin              |       |       |     9 |       ||     9
       Ice dragon scales |       |       |       |    43 ||    43
Dodge: Dodged            |    27 |    43 |    78 |   427 ||   575
Block: Buckler           |    12 |    27 |   137 |    32 ||   208
       Reflection        |       |       |     4 |    11 ||    15
       Other             |       |       |       |   169 ||   169
